[Event "*** Titled Tuesday Blitz"]
[Site "Chess.com"]
[Date "2020.05.19"]
[Round "7"]
[White "Off-War"]
[Black "promen1999"]
[Result "0-1"]
[WhiteElo "2747"]
[BlackElo "2893"]
[TimeControl "180+1"]
[EndTime "13:21:12 PDT"]
[Termination "promen1999 won on time"]

1. d4 Nf6 2. c4 g6 3. Nc3 d5 4. e3 Bg7 5. h4 e6 6. Be2 h6 7. h5 g5 8. f4 gxf4 9. exf4 Ne4 10.
Nf3 Ng3 11. Rh3 Nxe2 12. Qxe2 Nc6 13. Be3 dxc4 14. Qxc4 Ne7 15. O-O-O Bd7 16. Ne5 Bc6 17. Rg3 Bxe5 18. dxe5 Nd5 19. f5 Qd7 20. Qh4 Qe7 21.
f6 Qd7 22. Bxh6 O-O-O 23. Bg7 Rh7 24. h6 Qe8 25. Ne4 Bb5 26. b3 Qc6+ 27. Kb2 Rd7 28. Rc1 Qb6 29. Nc5 Rd8 30. Qe4 Qa5 31. Qxh7 Nb4 32. a3 Rd2+ 33. Rc2 Nxc2 34. Qh8+ Rd8 35. Qxd8+ Kxd8 36. h7 Qxa3+ 37. Kb1 Qxc5 38. h8=Q+ Be8 39. Rd3+ Nd4 40. Rxd4+ Qxd4 41. Qf8 Qd3+ 42. Kb2 Qd2+ 43. Ka3 Qa5+ 44. Kb2 Qxe5+ 45. Ka2 Qd6 46. Qh8 Qd2+ 47. Ka3 Qd6+ 48. Ka2 a5 49. Bf8 Qd2+ 50. Ka3 b5 51.
b4 Qc3+ 52. Ka2 axb4 53. Be7+ Kd7 0-1

[Event "*** Titled Tuesday Blitz"]
[Site "Chess.com"]
[Date "2020.05.19"]
[Round "7"]
[White "Vaathi_Coming"]
[Black "Raja3401"]
[Result "1-0"]
[WhiteElo "2885"]
[BlackElo "2735"]
[TimeControl "180+1"]
[EndTime "13:21:12 PDT"]
[Termination "Vaathi_Coming won by resignation"]

1. Nf3 Nf6 2. e3 d5 3. b3 e6 4.
Bb2 Be7 5. c4 O-O 6. Nc3 b6 7. cxd5 exd5 8. d4 Bb7 9. g3 c5 10.
Bg2 Re8 11. O-O Nbd7 12. Rc1 Rc8 13. dxc5 bxc5 14. Qd2 Ne4 15. Nxe4 dxe4 16. Bh3 Rc7 17. Rfd1 Bc6 18. Ne5 Nxe5 19. Bxe5 Qxd2 20. Rxd2 Rb7 21.
Bd6 Rd8 22. Rcd1 g6 23. Bxe7 Rxd2 24. Rxd2 Rxe7 25. Rd8+ Re8 26. Rd6 Bb5 27. Rd5 a6 28. Bg2 c4 29. a4 cxb3 30. axb5 b2 31. Rd1 Rc8 32. Bxe4 Rc1 33. Rf1 axb5 34. Kg2 f5 35. Bd3 Kf7 36. f4 Ke7 37. Kf2 Kd6 38. Ke2 Kc5 39. Rd1 Kb4 40. Kd2 Rxd1+ 41. Kxd1 Kc3 42. Bb1 b4 43. Ke2 Kc4 44. Kd2 b3 45. e4 fxe4 46. Bxe4 Kd4 47. Bb1 Kd5 48. Kc3 Ke6 49. Kxb3 Kf6 50.
Kxb2 1-0

[Event "*** Titled Tuesday Blitz"]
[Site "Chess.com"]
[Date "2020.05.19"]
[Round "7"]
[White "vpantev"]
[Black "kuli4ik"]
[Result "0-1"]
[WhiteElo "2560"]
[BlackElo "2778"]
[TimeControl "180+1"]
[EndTime "13:21:12 PDT"]
[Termination "kuli4ik won on time"]

1. d4 g6 2. Bf4 Bg7 3. e3 d6 4.
Nf3 Nd7 5. h3 e5 6. Bh2 Qe7 7. Be2 Nh6 8. c3 O-O 9. Qb3 Kh8 10. a4 f5 11. dxe5 dxe5 12. Qa3 c5 13.
Qa2 g5 14. Na3 f4 15. e4 Nf7 16. Nd2 Nf6 17. f3 Nd6 18. Ndc4 Be6 19. b3 Nf7 20.
Bg1 Kg8 21. Bf2 h5 22. O-O-O b6 23. Qd2 Rfd8 24. Qc2 Rdb8 25. Nb5 Ne8 26. Rd5 a6 27. Nba3 Qc7 28. Nb2 Ned6 29. c4 h4 30. Rhd1 Nb7 31. Be1 Nbd8 32. a5 bxa5 33. Na4 Bf8 34. Bf2 Nc6 35.
Rxc5 Qb7 36. Kb2 Nd4 37. Rxd4 exd4 38. Bxd4 Rd8 39. Bc3 Rac8 40. Rxa5 Bb4 41. e5 Kg7 42. Bd3 Bxa5 43. Bxa5 Nxe5 44. Be4 Qb8 45. Bc3 Kh6 46. Ka2 Nxc4 47. bxc4 Bxc4+ 48. Nxc4 Rxc4 49. Bg7+ Kxg7 50. Qxc4 Qe5 0-1

[Event "*** Titled Tuesday Blitz"]
[Site "Chess.com"]
[Date "2020.05.19"]
[Round "7"]
[White "Pittiplatsh"]
[Black "MasterKroket"]
[Result "1-0"]
[WhiteElo "2556"]
[BlackElo "2409"]
[TimeControl "180+1"]
[EndTime "13:21:12 PDT"]
[Termination "Pittiplatsh won by resignation"]

1. e4 c5 2. Nf3 e6 3. d4 cxd4 4. Nxd4 Nc6 5. Nc3 Qc7 6. Be3 a6 7. Qf3 Ne5 8. Qg3 Nf6 9. O-O-O d6 10. f4 Neg4 11. Bg1 h5 12. h3 Nh6 13. Bd3 b5 14. e5 h4 15. Qe1 b4 16. Ne4 Nxe4 17. Bxe4 d5 18. Bd3 Be7 19. Bf2 Ng8 20. Nf3 a5 21. Bxh4 Bxh4 22. Nxh4 Ne7 23. Nf3 Bd7 24. Nd4 Qb6 25. Qg1 a4 26. Nf5 Qxg1 27. Nd6+ Kf8 28.
Rhxg1 b3 29. cxb3 axb3 30. a3 Nc8 31. Nxc8 Rxc8+ 32. Kd2 Ke7 33. Rc1 f6 34. Rc3 fxe5 35. fxe5 Rb8 36. Rf1 Rhf8 37. Rxf8 Rxf8 38. Ke3 Rb8 39.
Be2 Be8 40. Kd4 Bg6 41. Bd1 Bc2 42.
Bxc2 bxc2 43. Rxc2 Rb3 44. Rd2 Kd7 45. Rc2 Kd8 46.
Kc5 Kd7 47. a4 Re3 48. a5 Rxe5 49. a6 Re1 50. Kb6 Ra1 51. a7 d4 52. Rc7+ Kd6 53.
Rc8 e5 54. a8=Q Rxa8 55. Rxa8 d3 56. Rd8+ 1-0

[Event "*** Titled Tuesday Blitz"]
[Site "Chess.com"]
[Date "2020.05.19"]
[Round "7"]
[White "AnkitGajwa"]
[Black "lupta_robin"]
[Result "0-1"]
[WhiteElo "2437"]
[BlackElo "2615"]
[TimeControl "180+1"]
[EndTime "13:21:12 PDT"]
[Termination "lupta_robin won by checkmate"]

1. e4 c5 2. Nf3 d6 3. d4 cxd4 4. Nxd4 Nf6 5. Nc3 g6 6. Be3 Bg7 7. f3 O-O 8. Qd2 Nc6 9. Bc4 Bd7 10. O-O-O Ne5 11. Bb3 Rc8 12. Kb1 Nc4 13. Bxc4 Rxc4 14. g4 b5 15. b3 b4 16. Nce2 Rc8 17. h4 e5 18. Nf5 gxf5 19. gxf5 d5 20. Rhg1 Kh8 21.
Bg5 Qb6 22. h5 Rg8 23. h6 Bf8 24. Ng3 Be7 25. Nh5 d4 26. Ng7 a5 27. Qh2 Qd6 28.
f4 Nxe4 29. fxe5 Qc5 30. Bxe7 Qxe7 31. Rxd4 Nc3+ 32. Kb2 a4 33. Qd2 Qxe5 34. Re1 Qf6 35. Nh5 Qxf5 36. Rf4 Qc5 37. Rc4 Qf5 38. Rf4 Qc5 39.
Rc4 Qb6 40. Qxd7 Rxc4 41. bxc4 a3+ 42. Ka1 Ne4 43. Qxf7 Qd4+ 44. Kb1 Qb2# 0-1

[Event "*** Titled Tuesday Blitz"]
[Site "Chess.com"]
[Date "2020.05.19"]
[Round "7"]
[White "2008king"]
[Black "Angel_Hranitel_37"]
[Result "1-0"]
[WhiteElo "2093"]
[BlackElo "2353"]
[TimeControl "180+1"]
[EndTime "13:21:12 PDT"]
[Termination "2008king won by checkmate"]

1. e4 c5 2. Nf3 e6 3. d4 cxd4 4. Nxd4 Nf6 5. Nc3 Nc6 6. Nxc6 bxc6 7. e5 Nd5 8. Ne4 Qc7 9. f4 Qb6 10. Qf3 Be7 11. Qf2 f5 12. Qxb6 axb6 13. Nf2 g5 14. g3 gxf4 15. gxf4 Nb4 16. Bd3 Rxa2 17. Rxa2 Nxa2 18.
Bd2 Nb4 19. Bxb4 Bxb4+ 20. c3 Be7 21. Nh3 Rg8 22. Rg1 Rxg1+ 23. Nxg1 d6 24. Nf3 c5 25.
Bb5+ Kf7 26. Kf2 Bb7 27. exd6 Bxd6 28. Ng5+ Ke7 29. Ke3 h6 30. Nh3 e5 31. fxe5 Bxe5 32.
Nf4 Kf6 33. h4 Be4 34. Be2 Bc6 35. Bd3 Bd7 36. Nd5+ Kg6 37. Ne7+ Kf6 38. Nd5+ Kf7 39. Nf4 b5 40. Bc2 b4 41. cxb4 cxb4 42. b3 Kf8 43. Ng6+ Kf7 44. Nxe5+ Ke7 45. Nxd7 Kxd7 46. Bxf5+ Kd6 47.
Kd4 Ke7 48. Ke5 Kf7 49. Be4 Kg7 50. Kf5 h5 51. Kg5 Kf8 52. Kxh5 Ke7 53. Kg5 Kd6 54.
h5 Kc5 55. h6 Kd4 56. Bf5 Kc3 57. Be6 Kb2 58. Bc4 Ka1 59. h7 Kb1 60. h8=Q Ka2 61. Qa8+ Kb2 62. Qa4 Kc3 63. Qa5 Kc2 64. Qxb4 Kb2 65.
Bg8 Ka2 66. Qa4+ Kb1 67. b4 Kb2 68. Qc6 Ka3 69. b5 Kb4 70. b6 Ka5 71. b7 Kb4 72. b8=Q+ Ka3 73. Qca8# 1-0

[Event "*** Titled Tuesday Blitz"]
[Site "Chess.com"]
[Date "2020.05.19"]
[Round "7"]
[White "OsorioFernando"]
[Black "Kolle05"]
[Result "0-1"]
[WhiteElo "2242"]
[BlackElo "2389"]
[TimeControl "180+1"]
[EndTime "13:21:12 PDT"]
[Termination "Kolle05 won on time"]

1. e4 c5 2. Nc3 d6 3. g3 g6 4. Bg2 Bg7 5. d3 e5 6. Be3 Ne7 7. Qd2 Nbc6 8. Bh6 Bxh6 9. Qxh6 Be6 10. Nd5 Bxd5 11. exd5 Nd4 12. Qd2 Qd7 13. c3 Nb5 14.
Ne2 Nc7 15. c4 O-O 16. O-O Nf5 17. f4 Rae8 18. Bh3 e4 19. Nc3 e3 20. Bxf5 Qxf5 21. Qe2 b5 22. Rf3 bxc4 23. dxc4 Re7 24. Rxe3 Rxe3 25. Qxe3 Re8 26. Qd2 h5 27. Re1 h4 28.
Rxe8+ Nxe8 29. Qe2 Nf6 30. Nb5 Ne4 31. Nc3 Nxc3 32. bxc3 h3 33. Kf2 Qb1 34. Kf3 Kg7 35. Kg4 Qf5+ 36. Kf3 Qb1 37. g4 Qc1 38. Qe3 Qf1+ 39.
Kg3 Qg2+ 40. Kh4 Qxh2 41. Qxh3 Qxf4 42. Qd3 Qh2+ 43. Qh3 g5+ 0-1

[Event "*** Titled Tuesday Blitz"]
[Site "Chess.com"]
[Date "2020.05.19"]
[Round "7"]
[White "EnergeticHay"]
[Black "dopolian"]
[Result "0-1"]
[WhiteElo "2153"]
[BlackElo "2345"]
[TimeControl "180+1"]
[EndTime "13:21:12 PDT"]
[Termination "dopolian won on time"]

1. e4 e5 2. Nf3 Nc6 3. Bc4 Bc5 4. c3 Nf6 5. d4 exd4 6. e5 d5 7. Bb5 Ne4 8. cxd4 Bb6 9. Nc3 O-O 10. Be3 f6 11.
exf6 Rxf6 12. O-O Bg4 13. Be2 Qd6 14. Rc1 Raf8 15. Nxd5 Rg6 16. Nxb6 axb6 17. Kh1 Rf5 18. Nh4 Rh5 19. g3 Bxe2 20. Qxe2 Qd5 21. f3 Nxg3+ 22. hxg3 Rxg3 23. Qh2 Rxf3 24. Rxf3 Rxh4 25. Qxh4 Qxf3+ 26. Kh2 Qxe3 27. Rg1 Qe2+ 28. Rg2 Qe8 29. Qg3 Qf7 30. d5 Nb4 31. Qg5 Nxd5 32. Qd8+ Qf8 33. Qxd5+ Qf7 34. Qd8+ Qf8 35. Qxf8+ Kxf8 36. Rc2 c6 37.
Rf2+ Ke7 38. Rd2 b5 39. Kg3 g6 40. Kg4 Ke6 41. Kg5 Ke5 42. Kh6 Ke4 43. Rg2 c5 44. Kxh7 c4 45. Kxg6 Kd3 46. Kf5 b4 47.
Rg3+ Kc2 48. Rg2+ Kb1 49. Ke4 Kxa2 50. Kd4 b5 51. Kc5 Kb3 52. Kxb5 c3 0-1

[Event "*** Titled Tuesday Blitz"]
[Site "Chess.com"]
[Date "2020.05.19"]
[Round "7"]
[White "kuban1991"]
[Black "ChristopherYoo"]
[Result "1-0"]
[WhiteElo "2760"]
[BlackElo "2870"]
[TimeControl "180+1"]
[EndTime "13:21:13 PDT"]
[Termination "kuban1991 won on time"]

1. e4 c5 2. Nc3 Nc6 3. Nge2 e6 4. g3 h5 5. h3 d5 6. exd5 exd5 7. d4 Nf6 8. Bg2 cxd4 9. Nxd4 Qb6 10. Nb3 d4 11.
Ne2 Bb4+ 12. c3 dxc3 13. bxc3 Be7 14. O-O O-O 15. Be3 Qa6 16. Nf4 h4 17. g4 Rd8 18. Nd4 Nxd4 19. cxd4 Bd6 20. g5 Bxf4 21. Bxf4 Nd5 22. Be3 Bf5 23. Qf3 Qg6 24. Rfe1 b6 25. Rac1 Rab8 26. Bf4 Rb7 27. Re5 Rbd7 28. Be3 Be6 29.
Rc6 Nb4 30. Rcxe6 fxe6 31. Qg4 Rd6 32. Be4 Qf7 33. Qxh4 Rxd4 34. Bxd4 Rxd4 35. Bh7+ Kh8 36. Qxd4 Kxh7 37. Qg4 Nd3 38. g6+ Qxg6 39. Qxg6+ Kxg6 40. Rxe6+ Kf7 41. Rd6 Nc5 42. Rc6 Ne6 43. Kg2 Ke7 44. Rc1 Kd6 45. Kg3 b5 46. Kg4 a5 47. f4 a4 48. f5 Nd4 49. h4 Kd5 50. h5 b4 51. Kg5 Ke4 52. Kg6 b3 53. axb3 axb3 54. f6 gxf6 55. h6 Ne6 56. Kxf6 Nf8 57. Rb1 1-0

[Event "*** Titled Tuesday Blitz"]
[Site "Chess.com"]
[Date "2020.05.19"]
[Round "7"]
[White "GMBenjaminFinegold"]
[Black "LionTheLeon_06"]
[Result "0-1"]
[WhiteElo "2540"]
[BlackElo "2686"]
[TimeControl "180+1"]
[EndTime "13:21:13 PDT"]
[Termination "LionTheLeon_06 won by resignation"]

1. d4 Nf6 2. c4 e6 3. Nc3 Bb4 4. Qc2 O-O 5. Nf3 b6 6. e4 d5 7. e5 Ne4 8. Bd3 c5 9. Bxe4 dxe4 10. Qxe4 cxd4 11. a3 Bxc3+ 12. bxc3 Qc7 13. Qxa8 Nc6 14.
cxd4 Ba6 15. Qxf8+ Kxf8 16. O-O Bxc4 17. Re1 Bd5 18.
Be3 h6 19. Nd2 Qb7 20. Rec1 Kg8 21. Nc4 Bxc4 22. Rxc4 Ne7 23. Rac1 Nd5 24. Rc8+ Kh7 25. h3 Qa6 26. Rf8 Qxa3 27. Rcc8 Kg6 28. Rfd8 a5 29. Rd7 a4 30. Ra8 b5 31. Raa7 Nxe3 32. fxe3 Qxe3+ 33. Kh1 Qc1+ 34. Kh2 Qf4+ 35. Kh1 h5 36. d5 exd5 37. e6 Qf1+ 38. Kh2 Qf4+ 39. Kh1 Qc1+ 40. Kh2 fxe6 41. Rxg7+ Kf6 42. Raf7+ Ke5 43. Rh7 a3 44. Rxh5+ Kd6 45.
Rhh7 a2 46. Rd7+ Ke5 47. Rh5+ Kf6 48. Ra7 a1=Q 49. Rxa1 Qxa1 50. h4 b4 51. Rh8 b3 52.
h5 b2 53. h6 b1=Q 54. Rf8+ Ke7 55. Rf3 Qh1+ 56. Kg3 Qe5+ 57. Rf4 Qxh6 0-1

[Event "*** Titled Tuesday Blitz"]
[Site "Chess.com"]
[Date "2020.05.19"]
[Round "7"]
[White "garfield_pg"]
[Black "Quattroporte300"]
[Result "0-1"]
[WhiteElo "2155"]
[BlackElo "2321"]
[TimeControl "180+1"]
[EndTime "13:21:13 PDT"]
[Termination "Quattroporte300 won on time"]

1. e4 e5 2. d4 exd4 3. Nf3 Nc6 4. Nxd4 Nf6 5. Nc3 Bb4 6. Nxc6 bxc6 7. Bd3 d5 8. exd5 cxd5 9. O-O O-O 10. Bg5 c6 11.
Qf3 Be7 12. Ne2 Rb8 13. b3 Bg4 14. Qg3 Bxe2 15. Bxf6 Bxf6 16. Bxe2 Bxa1 17. Rxa1 Qf6 18. Rd1 Rbe8 19. Bd3 Qe5 20. Qh3 g6 21. Qh6 Qg7 22. Qd2 Qd4 23. h3 Kg7 24. Qa5 Qb6 25. Qc3+ d4 26. Qc4 c5 27. a4 Qa5 28. h4 Re1+ 29.
Rxe1 Qxe1+ 30. Bf1 Qc3 31. Qe2 Rd8 32. h5 d3 33. h6+ Kxh6 34. Qe3+ Kg7 35. Bxd3 Qa1+ 36.
Kh2 Qd4 37. Qf3 Rd5 38. g3 Rd6 39. Kg1 Rf6 40. Qe2 Re6 41. Qf3 Qf6 42. Qg2 Re1+ 43. Bf1 Rc1 44. Qe4 Qd4 45. Qe2 Rd1 46. Kg2 Rd2 47.
Qe7 Qxf2+ 48. Kh3 Qxf1+ 49. Kg4 Qf5+ 0-1

[Event "*** Titled Tuesday Blitz"]
[Site "Chess.com"]
[Date "2020.05.19"]
[Round "7"]
[White "LiamVrolijk"]
[Black "Natalya_Buksa"]
[Result "0-1"]
[WhiteElo "2795"]
[BlackElo "2581"]
[TimeControl "180+1"]
[EndTime "13:21:15 PDT"]
[Termination "Natalya_Buksa won by resignation"]

1. c4 e6 2. g3 d5 3. Bg2 Nf6 4. Nf3 Be7 5. O-O O-O 6. d4 dxc4 7. Qc2 c6 8. Bg5 b5 9. b3 cxb3 10. axb3 Bb7 11. Rd1 a5 12. Ne5 Nd5 13. Bxe7 Qxe7 14. Nd2 Nb4 15. Qc3 Nd7 16. Ne4 Nxe5 17. dxe5 c5 18.
Qxc5 Qxc5 19. Nxc5 Bxg2 20. Kxg2 Rfc8 21. Nd7 Rc6 22.
Rd6 h5 23. Nb6 Ra6 24. Rd8+ Kh7 25. Nd7 a4 26. bxa4 Rxa4 27. Rb1 Rc2 28. Rb8 Nd5 29. R8xb5 Raa2 30. Re1 Nc3 31. Rb3 Nxe2 32. Rf3 Kg8 33. Rb1 Rcb2 34. Rd1 Rd2 35. Rxd2 Rxd2 36. Nc5 Nd4 37.
Re3 Nc6 38. Ne4 Rd5 39. f4 Ra5 40. Rc3 Nd4 41. Ng5 Ra2+ 42. Kh3 g6 43. Rc8+ Kg7 44. Rc7 Ne2 45. Rxf7+ Kg8 46. Rf6 Ng1+ 47. Kh4 Rxh2+ 48. Nh3 Rxh3+ 49. Kg5 Rxg3+ 50. Kh6 h4 51. Rxe6 h3 52. Rxg6+ Rxg6+ 53. Kxg6 0-1

[Event "*** Titled Tuesday Blitz"]
[Site "Chess.com"]
[Date "2020.05.19"]
[Round "7"]
[White "Bacyanide"]
[Black "GjakanTati"]
[Result "0-1"]
[WhiteElo "2439"]
[BlackElo "2633"]
[TimeControl "180+1"]
[EndTime "13:21:15 PDT"]
[Termination "GjakanTati won on time"]

1. d4 d5 2. Nf3 Nf6 3. Bf4 c5 4. e3 Nc6 5. Nbd2 g6 6. dxc5 Bg7 7. Nb3 O-O 8. c3 Ne4 9. Be2 e5 10. Bg3 Be6 11. Nfd2 Qc8 12. Nxe4 dxe4 13. O-O f5 14. f4 exf3 15. Bxf3 e4 16. Be2 Ne5 17. Nd4 Bf7 18.
b4 Nc4 19. Bf4 Bf6 20. Nb5 Rd8 21. Nd6 Nxd6 22. Bxd6 Bxc3 23. Rc1 Bxb4 24. Bc4 Qd7 25.
Bxf7+ Qxf7 26. Qa4 Bd2 27. Rcd1 Bxe3+ 28. Kh1 Rac8 29.
Qxa7 Rxd6 30. Rxd6 Bxc5 31. Rd8+ Rxd8 32. Qxc5 Re8 33.
Re1 Qxa2 34. Qb5 Qf7 35. h3 Re7 36. Qc5 Kg7 37. Qd4+ Qf6 38. Qc5 Qe5 39. Qf2 Rd7 40.
Qb6 Re7 41. Qb4 e3 42. Re2 Qa1+ 43. Kh2 Qe5+ 44. Kh1 Rd7 45. Re1 Qd4 46. Qb5 Re7 47. Qb3 f4 48. Qb5 Qc3 49. Qe2 Rd7 50. Rf1 Qe5 51. Qf3 Rd2 0-1

[Event "*** Titled Tuesday Blitz"]
[Site "Chess.com"]
[Date "2020.05.19"]
[Round "7"]
[White "Sanan_Sjugirov"]
[Black "CHESSMASTER759"]
[Result "1/2-1/2"]
[WhiteElo "2834"]
[BlackElo "2671"]
[TimeControl "180+1"]
[EndTime "13:21:16 PDT"]
[Termination "Game drawn by agreement"]

1. d4 Nf6 2. c4 e6 3. Nf3 d5 4.
g3 Be7 5. Bg2 O-O 6. O-O c6 7.
Bf4 Nbd7 8. Nc3 b6 9. Rc1 Bb7 10. cxd5 exd5 11. Qb3 Re8 12. Ne5 Bf8 13. Rfd1 Qe7 14.
e4 dxe4 15. Nxe4 Nxe5 16. dxe5 Nxe4 17. Bxe4 Red8 18. Qf3 Rxd1+ 19. Rxd1 Qe6 20. b3 g6 21. h4 Be7 22. Bg5 Bxg5 23. hxg5 Re8 24. Qf6 Qc8 25.
Rd6 c5 26. Bxb7 Qxb7 27. Rd8 Rxd8 28. Qxd8+ Kg7 29. Qf6+ Kg8 30. e6 fxe6 31. Qxe6+ Qf7 32. Qe5 Kf8 33. Qb8+ Kg7 34. Qe5+ Kf8 35. Kg2 Qb7+ 36. f3 Kf7 37. Qf6+ Kg8 38. Qe6+ Qf7 39. Qe5 Qb7 40. Kf2 Qd7 41. Ke2 Kf7 42. Qf6+ Kg8 43. Qe5 Kf7 44. Qf4+ Kg8 45. Qe4 Kf7 46. Qf4+ Ke8 47.
Qb8+ Kf7 48. Qh8 Ke6 49. Qf6+ Kd5 50. Kd3 b5 51. Kc3 Qe6 52. Qf4 Kc6 53. Qb8 a6 54. Qa8+ Kb6 55. Qb8+ Kc6 56. Qa8+ Kb6 1/2-1/2

[Event "*** Titled Tuesday Blitz"]
[Site "Chess.com"]
[Date "2020.05.19"]
[Round "7"]
[White "amiralfio"]
[Black "DonPreuss"]
[Result "0-1"]
[WhiteElo "2445"]
[BlackElo "2228"]
[TimeControl "180+1"]
[EndTime "13:21:16 PDT"]
[Termination "DonPreuss won on time"]

1. e4 e5 2. Nf3 d5 3. Nxe5 Bd6 4.
d4 dxe4 5. Nc4 Ne7 6. Nc3 f5 7. Nxd6+ cxd6 8. Qh5+ Ng6 9. Bc4 Nc6 10. Bg5 Ne7 11.
O-O-O Qd7 12. Bb5 Nc6 13. d5 O-O 14. dxc6 bxc6 15. Bc4+ d5 16. Nxd5 cxd5 17. Bxd5+ Kh8 18. Bg8 Qxd1+ 19. Rxd1 Kxg8 20. Qe2 Be6 21. Qa6 Bf7 22. h4 Ne5 23. b3 Rac8 24. Qxa7 Nd3+ 25. Kb1 Nxf2 26.
Rd7 Ng4 27. Be7 Rfe8 28. Bb4 Nh6 29. a4 e3 30. a5 e2 31. a6 e1=Q+ 32. Bxe1 Rxe1+ 33. Kb2 Re2 34. Qb7 Rexc2+ 35. Ka3 Rf8 36. a7 Rcc8 37. Rc7 Ra8 38. Qb6 Ng4 39. Rb7 Nf6 40. Rb8 Bd5 41. Rxf8+ Rxf8 42. Kb4 h6 43. Qb8 f4 44. Kc5 Bxg2 45. Kc4 g5 46. hxg5 hxg5 47. b4 Kg7 48. b5 f3 0-1

[Event "*** Titled Tuesday Blitz"]
[Site "Chess.com"]
[Date "2020.05.19"]
[Round "7"]
[White "vova-79"]
[Black "CMS13"]
[Result "1/2-1/2"]
[WhiteElo "2404"]
[BlackElo "2195"]
[TimeControl "180+1"]
[EndTime "13:21:16 PDT"]
[Termination "Game drawn by repetition"]

1. d4 d5 2. c4 e6 3. Nc3 Bb4 4. Nf3 Nf6 5. e3 O-O 6. Bd3 Nc6 7. O-O a6 8. Qe2 dxc4 9. Bxc4 Bd6 10. e4 e5 11. dxe5 Nxe5 12. Nxe5 Bxe5 13. f4 Bg4 14. Qd3 Bd4+ 15. Kh1 b5 16. Bd5 Bxc3 17. Qxc3 Nxd5 18. exd5 Qxd5 19. Be3 Rfe8 20. Kg1 Rad8 21. a3 Rd6 22. h3 Bh5 23. f5 Qe4 24. Bf4 Rd3 25. Qe1 Qd4+ 26.
Qf2 Qd5 27. Rae1 Rxe1 28. Rxe1 h6 29. Bxc7 Rd2 30. Qg3 Qc5+ 31. Kh2 Kh7 32. f6 gxf6 33. Bd6 Qg5 34. Re3 Qxg3+ 35. Kxg3 Rxb2 36. Be7 f5 37. Bb4 Bg6 38. h4 f4+ 39. Kxf4 Rxg2 40. Rg3 Rxg3 41. Kxg3 Bd3 42. h5 Bc4 43. Kg4 Kg7 44. Kf5 Be6+ 45.
Kf4 Bc4 46. Bc3+ f6 47. Kf5 Bd3+ 48. Kf4 Kf7 49. Bb4 Bc4 50. Bc3 Bd3 51. Bb4 Ke6 52.
Bf8 Be2 53. Bxh6 Bxh5 54. Bf8 Bd1 55. Bb4 Bb3 56. Bc3 Bc4 57. Bb4 Bf1 58. Bc3 Bc4 59.
Bb4 Bb3 60. Bc3 Bc4 1/2-1/2

[Event "*** Titled Tuesday Blitz"]
[Site "Chess.com"]
[Date "2020.05.19"]
[Round "7"]
[White "Titus369"]
[Black "Zubrrr"]
[Result "1-0"]
[WhiteElo "2520"]
[BlackElo "2657"]
[TimeControl "180+1"]
[EndTime "13:21:21 PDT"]
[Termination "Titus369 won by resignation"]

1. e4 c5 2. Nf3 d6 3. d4 cxd4 4. Nxd4 Nf6 5. Nc3 a6 6. a3 Qc7 7.
f3 e6 8. g4 b5 9. Be3 Bb7 10.
Qd2 Nbd7 11. h4 Nb6 12. O-O-O Nfd7 13. Ndxb5 axb5 14. Nxb5 Qc6 15. Nxd6+ Bxd6 16. Qxd6 Rc8 17. Qxc6 Bxc6 18. b3 f5 19. gxf5 exf5 20. Rg1 O-O 21. Bd4 Rf7 22. Bh3 Re8 23. Bxf5 Nc8 24. h5 Nd6 25. Bxd7 Bxd7 26. Bxg7 Rxg7 27. Rxg7+ Kxg7 28. Rxd6 Bh3 29. Kd2 Rf8 30. Ke3 Bg2 31. f4 Re8 32. e5 Rc8 33. Rd2 Bh3 34. c4 Bf5 35. Rg2+ Kh6 36. a4 Rb8 37. Rb2 Kxh5 38. Kd4 Kg4 39. b4 h5 40. b5 h4 41. Rg2+ Kf3 42. Rh2 h3 43. c5 Kg3 44. Rh1 Kxf4 45. c6 Rd8+ 46.
Kc5 Kg3 47. c7 Re8 48. Kd6 Be4 49. Rxh3+ Kxh3 50. Kd7 Rxe5 51. c8=Q Bf5+ 52. Kd6 Bxc8 53. Kxe5 Kg4 54. Kd6 Kf5 55. Kc7 Be6 56. b6 1-0

[Event "*** Titled Tuesday Blitz"]
[Site "Chess.com"]
[Date "2020.05.19"]
[Round "7"]
[White "mjray79"]
[Black "Chessmatus"]
[Result "0-1"]
[WhiteElo "2302"]
[BlackElo "2490"]
[TimeControl "180+1"]
[EndTime "13:21:21 PDT"]
[Termination "Chessmatus won on time"]

1. d4 Nf6 2. c4 g6 3. Nc3 d5 4. cxd5 Nxd5 5. e4 Nxc3 6. bxc3 Bg7 7. Bc4 c5 8. Be3 Nc6 9. Ne2 O-O 10. O-O Qc7 11. Rc1 b6 12. f4 e6 13. e5 Ne7 14.
Ng3 Bb7 15. Bd3 Rad8 16. Be4 Nd5 17. Bd2 cxd4 18. cxd4 Qe7 19. Qe2 Rc8 20. Qb5 Rfd8 21. Ne2 Qa3 22. Bxd5 Bxd5 23. Bb4 Qe3+ 24. Kh1 Qe4 25.
Rg1 Rxc1 26. Nxc1 Qxf4 27. Be7 Ra8 28. Ne2 Qd2 29. Bb4 Qb2 30. Nf4 Be4 31. Re1 a5 32.
Rxe4 Qxb4 33. Qf1 Rc8 34. Nh3 Qa3 35. Re1 Qxa2 36. Ng5 Rf8 37. Rd1 Qd5 38. Qa6 h6 39. Nf3 Rb8 40. Qa7 Qb7 41. Qxb7 Rxb7 42. d5 exd5 43.
Rxd5 b5 44. Rd1 b4 45. Nd4 b3 46. Rb1 b2 47. Nc2 Bxe5 48. Kg1 a4 49. Kf2 Rc7 50. Na3 Rc3 51. Nb5 Rc2+ 0-1

[Event "*** Titled Tuesday Blitz"]
[Site "Chess.com"]
[Date "2020.05.19"]
[Round "7"]
[White "Er_is_geen_hoop_meer"]
[Black "Dhaydon19"]
[Result "0-1"]
[WhiteElo "2445"]
[BlackElo "2729"]
[TimeControl "180+1"]
[EndTime "13:21:22 PDT"]
[Termination "Dhaydon19 won by checkmate"]

1. b4 c6 2. e3 d5 3. Bb2 Nf6 4. Be2 a5 5. b5 Bf5 6. a4 e6 7.
g4 Bg6 8. g5 Ne4 9. h4 h6 10. h5 hxg5 11. Bf3 Bf5 12. d3 Nf6 13. Nd2 g4 14. Be2 Nbd7 15. f3 Rxh5 16. Rxh5 Nxh5 17. fxg4 Qh4+ 18. Kf1 Ng3+ 19. Kg2 Nxe2 20. Qxe2 Bxg4 21. Ndf3 Qh5 22. e4 dxe4 23. Qxe4 Nf6 24. Qe5 Bxf3+ 25.
Nxf3 Qxe5 26. Nxe5 cxb5 27. axb5 a4 28. Nc4 Nd5 29.
Bd4 f6 30. Nb2 a3 31. Nc4 e5 32. Be3 Rc8 33. Bd2 Ra8 34. Kf3 Kf7 35. d4 exd4 36. Ke4 Nc3+ 37. Bxc3 dxc3 38. Kd5 Rd8+ 39. Ke4 Bc5 40. Na5 Rd4+ 41. Kf3 Rd7 42. Nb3 Bb4 43. Ke4 g6 44. Nd4 f5+ 45. Ke5 Be7 46. Nf3 b6 47.
Rh1 a2 48. Ng5+ Bxg5 49. Rh7+ Ke8 50. Rh8+ Ke7 51. Ra8 Bf6+ 52. Kf4 Rd4+ 53. Ke3 Rb4 54. Rxa2 Rxb5 55. Ra7+ Ke6 56. Rc7 Re5+ 57. Kf4 Re4+ 58. Kf3 b5 59. Rc6+ Kf7 60. Rc7+ Re7 61. Rc5 Rb7 62.
Kf4 b4 63. Kf3 b3 64. cxb3 Rxb3 65. Kf4 Rb4+ 66. Kf3 Bd4 67. Rc6 g5 68. Kg3 Be5+ 69. Kf3 g4+ 70. Ke3 f4+ 71. Kf2 Rb2+ 72. Kg1 f3 73.
Ra6 Bg3 74. Ra1 c2 75. Rf1 Rb1 76. Kh1 Rxf1# 0-1

[Event "*** Titled Tuesday Blitz"]
[Site "Chess.com"]
[Date "2020.05.19"]
[Round "7"]
[White "Ural_bogatyr"]
[Black "wild_cat99"]
[Result "0-1"]
[WhiteElo "2398"]
[BlackElo "2564"]
[TimeControl "180+1"]
[EndTime "13:21:23 PDT"]
[Termination "wild_cat99 won by checkmate"]

1. e4 c5 2. Nf3 d6 3. d4 cxd4 4. Qxd4 Nf6 5. Nc3 Nc6 6. Bb5 Bd7 7. Bxc6 Bxc6 8. Bg5 e6 9. O-O-O Be7 10. Qd3 Qc7 11.
Nd4 a6 12. f4 Rd8 13. Kb1 h6 14. Bh4 b5 15. f5 b4 16. Nxc6 Qxc6 17. Bxf6 Bxf6 18.
Ne2 O-O 19. Nd4 Bxd4 20. Qxd4 exf5 21. exf5 a5 22. f6 g6 23. h4 Rfe8 24. h5 g5 25.
Rhe1 Rxe1 26. Rxe1 Qxg2 27. Qc4 d5 28. Qc7 Rf8 29. Qxa5 Rc8 30. Rc1 Qe4 31. Qa6 Re8 32. Qd6 g4 33. b3 Re5 34. Qd8+ Re8 35. Qd6 Re6 36. Qd8+ Kh7 37. Rf1 Rc6 38. Rc1 Qf5 39. Qf8 Rxf6 40. Qxb4 Qxh5 41. a4 g3 42. Qe7 Rf2 43.
a5 g2 44. Qe3 Rf1 45. Qd3+ Qg6 46. Rxf1 Qxd3 47. Rxf7+ Kg6 48. cxd3 g1=Q+ 49. Kb2 Kxf7 50. a6 Qa7 51. Ka3 Qxa6+ 52. Kb4 Qxd3 53. Kc5 Qxb3 54. Kd6 d4 55. Ke5 d3 56. Ke4 d2 57. Kf5 d1=Q 58.
Ke5 Qh5+ 59. Kf4 Qh4+ 60. Kf5 Qd5# 0-1

[Event "*** Titled Tuesday Blitz"]
[Site "Chess.com"]
[Date "2020.05.19"]
[Round "7"]
[White "Zarikovs1999"]
[Black "Joshukid"]
[Result "0-1"]
[WhiteElo "2412"]
[BlackElo "2559"]
[TimeControl "180+1"]
[EndTime "13:21:24 PDT"]
[Termination "Joshukid won by checkmate"]

1. Nf3 Nf6 2. c4 e6 3. g3 c5 4. Bg2 Nc6 5. O-O Be7 6. Nc3 O-O 7. d4 cxd4 8. Nxd4 a6 9. b3 Qc7 10. Bb2 Nxd4 11. Qxd4 d6 12. Rfd1 Rd8 13. Rac1 Bd7 14. Ne4 Bc6 15. Nxf6+ Bxf6 16. Qd2 Bxb2 17. Qxb2 Bxg2 18.
Kxg2 Rac8 19. Rd2 h6 20. Qd4 d5 21. Rdc2 e5 22. Qg4 d4 23. Qe4 Qe7 24. c5 Rc7 25. c6 b6 26. e3 Qe6 27. Rd1 f5 28. Qh4 g5 29. Qh5 Rxc6 30. Rcd2 Rcd6 31. Qe2 dxe3 32. Rxd6 Rxd6 33. Rxd6 Qxd6 34. Qxe3 Qd5+ 35. Kg1 Qd4 36. Qe2 b5 37. Qh5 Kg7 38. Qe8 Qd1+ 39. Kg2 Qd5+ 40.
Kg1 Qd1+ 41. Kg2 Qd6 42. Kg1 f4 43. gxf4 gxf4 44. Qh5 Qg6+ 45. Qxg6+ Kxg6 46. Kg2 Kf5 47. f3 e4 48. Kf2 e3+ 49. Ke2 Kg5 50. Kf1 Kh4 51. Kg2 b4 52. Kf1 Kh3 53. a4 bxa3 54. Ke2 a2 55. b4 a1=Q 56. b5 Qb2+ 57. Ke1 Qd2+ 58. Kf1 Qf2# 0-1